 Dungeon Crawl Stone Soup version 0.28-a0-773-g130ae17fe5 (webtiles) character file.

Game seed: 2470303584514877820

3266 ytrimaz the Cleaver (level 9, -8/74 HPs)
             Began as a Demonspawn Gladiator on Nov 1, 2021.
             Was an Initiate of Gozag.
             Mangled by a yak (9 damage)
             ... on level 8 of the Dungeon.
             The game lasted 00:13:27 (8755 turns).

ytrimaz the Cleaver (Demonspawn Gladiator)          Turns: 8755, Time: 00:13:28

Health: -8/74      AC: 25    Str: 19    XL:     9   Next: 68%
Magic:  9/9        EV:  7    Int:  9    God:    Gozag
Gold:   172        SH:  0    Dex: 14    Spells: 8/8 levels left

rFire   + . .      SeeInvis .   a - +0 war axe (protect)
rCold   . . .      Faith    .   (no shield)
rNeg    . . .      Spirit   .   l - +0 plate armour
rPois   .          Reflect  .   (helmet restricted)
rElec   .          Harm     .   (no cloak)
rCorr   .          Rampage  .   (no gloves)
Will    .....                   (no boots)
Stlth   ..........              (no amulet)
HPRegen 3.22/turn               j - ring of protection from fire
MPRegen 0.11/turn               (no ring)

@: lethally poisoned (-8 -> -8), gold aura, sanguine armoured, under a
protective aura, hasted, very quick
A: horns 1, powered by death 2, powered by pain 1, sanguine armour 1
a: Renounce Religion, Potion Petition, Call Merchant, Bribe Branch


You were on level 8 of the Dungeon.
You worshipped Gozag.
Gozag was aware of your devotion.
You visited 2 branches of the dungeon, and saw 9 of its levels.

You collected 1213 gold pieces.
You paid 1041 gold pieces to Gozag.

Inventory:

Hand Weapons
 a - a +0 war axe of protection (weapon)
Missiles
 d - a throwing net (quivered)
Armour
 l - a +0 plate armour (worn)
Jewellery
 f - an amulet of magic regeneration
 j - a ring of protection from fire (left hand)
 k - a ring of resist corrosion
Wands
 b - a wand of digging (5)
 i - a wand of polymorph (2)
 m - a wand of charming (8)
Scrolls
 c - a scroll of fog
 h - a scroll of magic mapping
 n - 2 scrolls of blinking
 q - a scroll of enchant weapon
Potions
 e - a potion of attraction
 g - 2 potions of flight


   Skills:
 * Level 8.0 Fighting
 + Level 8.1 Axes
 - Level 1.7 Throwing
 * Level 6.1 Armour
 + Level 4.2 Dodging


You had 8 spell levels left.
You didn't know any spells.
Your spell library contained the following spells:

 Spells                   Type           Power      Damage    Failure   Level
 Sandblast                Erth           0%         2d4       100%        1
 Passwall                 Tmut/Erth      0%         N/A       100%        2
 Stone Arrow              Conj/Erth      0%         3d7       100%        3


Dungeon Overview and Level Annotations

Branches:
Dungeon (8/15)             Temple (1/1) D:4
   Lair: D:8-11

Altars:
Ashenzari
Cheibriados
Dithmenos
Elyvilon
Gozag
Hepliaklqana
Kikubaaqudgha
Nemelex Xobeh
Okawaru
Qazlal
Uskayaw
Vehumet
Wu Jian
Xom
Zin
The Shining One
Lugonu

Shops:
D:5 *

Annotations:
D:3 3 runed translucent doors, bande's ghost, amateur GrFi
D:8 Erica


Innate Abilities, Weirdness & Mutations

You have a pair of small horns on your head.
You regenerate health from kills.
You sometimes gain a little power by taking damage.
When seriously injured, your bleeding wounds create armour. (AC +6)


Message History

You slash the yak!
The yak is severely wounded.
You hit the yak. You closely miss the yak. You slash the bullfrog!
You hit the yak.
The yak is no longer distracted by gold.
You hit the yak.
You feel sick. The bullfrog closely misses you.
The yak gores you but does no damage. The yak barely misses you.
The yak gores you but does no damage.
Unknown command.
You barely miss the yak. Your headbutt misses the yak.
The yak is severely wounded.
You hit the yak. You slash the yak! You hit the bullfrog.
You kill the bullfrog!
You hit the yak but do no damage. You hit the yak.
You feel sick. The yak gores you.
* * * LOW HITPOINT WARNING * * *
The yak misses you. The yak barely misses you.
Your Fighting skill increases to level 8!
Unknown command.
Unknown command.
You hit the yak.
The yak is almost dead.
You barely miss the yak. You closely miss the yak. You hit the yak. x2
You feel sick. The yak barely misses you. The yak gores you.
* * * LOW HITPOINT WARNING * * *
The yak gores you but does no damage. The yak closely misses you.
The yak gores you but does no damage.
Unknown command.
Unknown command.
Okay, then.
You hit the yak but do no damage. You headbutt the yak.
The yak is almost dead.
You barely miss the yak. You slash the yak! You hit the yak. You slash the yak!
You feel sick. The yak gores you.
* * * LOW HITPOINT WARNING * * *
The yak gores you.
* * * LOW HITPOINT WARNING * * *
The yak barely misses you. The yak gores you!
You die...
Your body crumbles into a pile of gold.

## #### ##.##..#
##......#####
##...Y$Y.....###
#....$@Y.....#.###
#.....YY$.........####
...................#.#
....#.....#.....#....##
...
##....#.....#....<## #.
##...##...........# .
............###..#
................##
.....####....#


You could see 5 yaks.

Vanquished Creatures
  Pikel (D:4)
  4 yaks
  A wyvern (D:7)
  Menkaure (D:7)
  Edmund (D:6)
  A black bear (D:5)
  An ice beast (D:6)
  A sky beast (D:5)
  2 necrophages
  2 ogres
  2 centaurs
  Blork the orc (D:5)
  A bullfrog (D:8)
  A water moccasin skeleton (D:7)
  A killer bee (D:8)
  A howler monkey (D:7)
  A bullfrog zombie (D:6)
  A jelly (D:7)
  6 orc priests
  4 hounds
  A gnoll shaman (D:6)
  A bullfrog skeleton (D:5)
  Terence (D:2)
  7 orc wizards
  Robin (D:2)
  5 gnolls (D:7)
  A howler monkey skeleton (D:7)
  5 adders
  A white imp (D:7)
  3 worms
  2 dart slugs (D:1)
  24 orcs
  9 ball pythons
  4 bats (D:1)
  An endoplasm (D:1)
  6 giant cockroaches
  11 goblins
  12 hobgoblins
  4 kobolds
  2 quokkas
  4 frilled lizards
  4 rats
143 creatures vanquished.

Notes
Turn   | Place    | Note
-------+----------+-------------------------------------------
     0 | D:1      | ytrimaz the Demonspawn Gladiator began the quest for the
                  | Orb.
     0 | D:1      | Reached XP level 1. HP: 16/16 MP: 1/1
   117 | D:1      | Found a faded altar of an unknown god.
   132 | D:1      | Gained mutation: You regenerate a little health from kills.
                  | [demonic ancestry]
   132 | D:1      | Reached XP level 2. HP: 21/22 MP: 2/2
   740 | D:1      | Reached skill level 1 in Armour
   849 | D:1      | Gained mutation: You regenerate health from kills. [demonic
                  | ancestry]
   849 | D:1      | Reached XP level 3. HP: 27/27 MP: 3/3
  1584 | D:2      | Reached XP level 4. HP: 34/34 MP: 4/4
  1596 | D:2      | Noticed Robin
  1652 | D:2      | Killed Robin
  1703 | D:2      | Found a radiant altar of Vehumet.
  1976 | D:2      | Noticed Terence
  2001 | D:2      | Killed Terence
  2214 | D:3      | Reached XP level 5. HP: 22/41 MP: 5/5
  2732 | D:3      | Found a stormy altar of Qazlal.
  2858 | D:3      | Found an ancient bone altar of Kikubaaqudgha.
  3205 | D:3      | Found a runed translucent gate.
  3205 | D:3      | Found a runed translucent gate.
  3206 | D:3      | Found a runed translucent gate.
  3208 | D:3      | Noticed bande's ghost (amateur GrFi)
  3441 | D:4      | Found a staircase to the Ecumenical Temple.
  3441 | D:4      | Noticed a necrophage
  3449 | D:4      | Killed a necrophage
  3450 | D:4      | Gained mutation: When seriously injured, your bleeding
                  | wounds create armour. (AC +6) [demonic ancestry]
  3450 | D:4      | Reached XP level 6. HP: 46/47 MP: 6/6
  3456 | Temple   | Entered the Ecumenical Temple
  3714 | D:4      | Noticed Pikel
  3753 | D:4      | Killed Pikel
  3754 | D:4      | Reached skill level 5 in Axes
  3754 | D:4      | Gained mutation: You sometimes gain a little power by
                  | taking damage. [demonic ancestry]
  3754 | D:4      | Reached XP level 7. HP: 6/55 MP: 7/7
  4115 | D:4      | Found a hazy altar of Hepliaklqana.
  4331 | D:5      | Entered Level 5 of the Dungeon
  4961 | D:5      | Reached skill level 5 in Fighting
  4979 | D:5      | Identified a scroll of acquirement
  4979 | D:5      | Acquired 656 gold pieces
  5173 | D:5      | Gained mutation: You have a pair of small horns on your
                  | head. [demonic ancestry]
  5173 | D:5      | Reached XP level 8. HP: 62/62 MP: 8/8
  5364 | D:5      | Noticed Blork the orc
  5376 | D:5      | Killed Blork the orc
  5511 | D:5      | Found Gozag's Platinum Reserve.
  5531 | D:5      | Found an opulent altar of Gozag.
  5678 | D:5      | Became a worshipper of Gozag Ym Sagoz the Greedy
  5844 | D:6      | Reached XP level 9. HP: 60/71 MP: 9/9
  6203 | D:6      | Noticed Edmund
  6219 | D:6      | Killed Edmund
  6220 | D:6      | Reached skill level 5 in Armour
  7107 | D:7      | Found an ornate altar of the Wu Jian Council.
  7608 | D:7      | Noticed Menkaure
  8085 | D:7      | Killed Menkaure
  8513 | D:8      | Noticed Erica
  8754 | D:8      | HP: 2/74 [yak (5)]
  8755 | D:8      | Mangled by a yak

Illustrated notes

Levels and vault maps discovered:
D:1:      ncdulo_smallfort, layout_loops_ring, basic_ecumenical_altar,
          st_stairs_9, kennysheep_small_spiral, minmay_distorted
D:2:      layout_basic, basic_altar, uniq_robin, uniq_terence
D:3:      layout_rooms, grunt_qazlal_clouds, mainiacjoe_overflow_alcove_2,
          gammafunk_ghost_necromancy, lemuel_flame_loot_1
D:4:      layout_cave_pools, kennysheep_mini_moat,
          nicolae_hepliaklqana_hazy_memory, mainiacjoe_overflow_surrounded_room,
          temple_fountains, chequers_serial_rivers_micro_a, uniq_pikel
D:5:      layout_rooms, nicolae_gozag_zags_fifth_avenue, uniq_blork_the_orc
D:6:      layout_loops_ring, uniq_edmund
D:7:      minmay_inner_zag, layout_loops_cross, nicolae_overflow_crystal_walls,
          minmay_statues_item, uniq_menkaure
D:8:      layout_cave_pools, nicolae_ru_path_of_blood, uniq_maggie, uniq_erica
Temple:   corrupted_temple

Skill      XL: |  1  2  3  4  5  6  7  8  9 |
---------------+----------------------------+-----
Axes           | 3 4 5 7 8 |  8.1
Dodging        | 3 4 |  4.2
Armour         | 1 2 3 4 6 |  6.1
Fighting       | 3 4 5 6 8 |  8.0
Throwing       | |  1.7

Action                   |  1- 3 |  4- 6 |  7- 9 || total
-------------------------+-------+-------+-------++-------
Melee: War axe           |    84 |   216 |   248 ||   548
       Headbutt          |       |       |    42 ||    42
Throw: Throwing net      |       |       |     2 ||     2
Invok: Potion Petition   |       |       |     2 ||     2
  Use: Scroll            |     3 |     2 |    10 ||    15
       Potion            |       |     4 |     6 ||    10
 Stab: Sleeping          |       |       |     1 ||     1
       Invisible         |       |       |     4 ||     4
       Held in net/web   |       |       |     2 ||     2
       Distracted        |       |       |     2 ||     2
Armor: Leather armour    |    30 |    74 |    50 ||   154
       Plate armour      |       |       |   126 ||   126
Dodge: Dodged            |    56 |   126 |   143 ||   325

Table legend: (Time is in decaauts)
 A = Elapsed time spent in this place.
 B = Non-inter-level travel time spent in this place.
 C = Inter-level travel time spent in this place.
 D = Time resting spent in this place.
 E = Time spent auto-exploring this place.
 F = Levels seen in this place.
 G = Mean time per level.
                   A        B        C        D        E       F      G
               +--------+--------+--------+--------+--------+-----+--------+
         Total |   8908 |   8704 |    204 |   2603 |   4354 |   9 |  989.8 |
       Dungeon |   8805 |   8619 |    186 |   2603 |   4337 |   8 | 1100.6 |
        Temple |    103 |     85 |     18 |      0 |     17 |   1 |  103.0 |
               +--------+--------+--------+--------+--------+-----+--------+

Top non-repeatable levels by time:
     D:7: 1587 daAuts
     D:6: 1400 daAuts
     D:1: 1338 daAuts
     D:3: 1250 daAuts
     D:4: 1190 daAuts
     D:5: 1050 daAuts
     D:2: 932 daAuts
  Temple: 103 daAuts
     D:8: 54 daAuts
